AoeStats
← TW_Jerry YT @TW-aoe2noobs

Arena

507496309Analyzed
4v4 RM · 15d ago on Sep 18, 2026· 39m 44s· 8 players
Game mode
Random Map
Map size
Large (8 player)
Population
200
Speed
Normal
Resources
Standard
Victory
Conquest
Starting age
Dark Age
Ending age
Imperial Age
RankedLock teamsTeams togetherTeam positionsShared explorationLock speedFull tech treeHidden civsTurbo modeCheats
Victory
Defeat
🇹🇼 Celts · Taiwan
1644
+15
1617
+17
🇹🇼 Cumans · Taiwan
1508
+21
🇹🇼 Spanish · Taiwan
1492
+22
🇨🇳 Poles · China
1674
-21
🇪🇸 Khmer · Spain
1669
-20
🇨🇳 Chinese · China
1608
-18
🇭🇰 Muisca · Hong Kong SAR China
1547
-16
Bz_青红
0:31 Loom
11:42 Feudal Age
15:44 Castle Age
13:44 Double-Bit Axe
14:10 Horse Collar
17:06 Scale Mail Armor
18:00 Forging
18:37 Chain Mail Armor
18:27 Squires
18:13 Arson
20:39 Iron Casting
24:04 Bow Saw
39:40 Wheelbarrow
投掷哥布林
10:42 Feudal Age
12:27 Loom
14:54 Castle Age
13:47 Double-Bit Axe
13:44 Horse Collar
16:13 Bow Saw
20:09 Wheelbarrow
20:56 Town Watch
27:18 Heavy Plow
27:50 Hand Cart
28:22 Squires
28:24 Stone Mining
28:25 Gold Mining
29:12 Scale Mail Armor
29:55 Husbandry
30:06 Bloodlines
30:08 Scale Barding Armor
30:15 Forging
30:30 Bloodlines
33:06 Imperial Age
30:32 Light Cavalry
31:37 Chain Barding Armor
32:16 Stone Shaft Mining
32:43 Iron Casting
32:27 Chain Mail Armor
34:11 Conscription
34:25 Plate Mail Armor
34:57 Blast Furnace
34:12 Elite Obuch
36:30 Crop Rotation
38:38 Fletching
Tales de Paleto
9:42 Feudal Age
14:21 Castle Age
12:43 Double-Bit Axe
21:36 Bow Saw
21:07 Horse Collar
21:45 Horse Collar
21:54 Loom
22:21 Gold Mining
24:01 Heavy Plow
24:41 Wheelbarrow
24:56 Stone Mining
29:13 Imperial Age
28:32 Hand Cart
29:29 Bloodlines
29:20 Husbandry
28:40 Light Cavalry
30:07 Scale Barding Armor
30:02 Scale Mail Armor
30:13 Forging
30:08 Heavy Scorpion
31:18 Ballistics
31:20 Chain Barding Armor
31:08 Hussar
33:17 Iron Casting
32:43 Scale Mail Armor
35:10 Conscription
36:22 Blast Furnace
35:28 Fletching
37:34 Plate Barding Armor
37:46 Double Crossbow
LiBi
10:42 Feudal Age
15:04 Castle Age
13:15 Double-Bit Axe
19:32 Loom
23:16 Bow Saw
23:03 Horse Collar
23:26 Fletching
24:48 Gold Mining
26:54 Wheelbarrow
29:46 Imperial Age
28:37 Bodkin Arrow
28:42 Padded Archer Armor
29:30 Heavy Plow
31:32 Chemistry
31:24 Leather Archer Armor
31:10 Bracer
32:34 Leather Archer Armor
TW_Jerry YT @TW-aoe2noobs
10:27 Feudal Age
14:36 Castle Age
12:38 Double-Bit Axe
13:39 Horse Collar
15:59 Bow Saw
18:10 Loom
22:20 Fletching
24:20 Wheelbarrow
23:31 Town Watch
26:34 Gold Mining
26:35 Stone Mining
27:26 Ballistics
27:08 Padded Archer Armor
28:41 Gold Shaft Mining
28:56 Bodkin Arrow
32:33 Imperial Age
31:52 Hand Cart
32:38 Elite Longbowman
33:19 Bracer
34:24 Chemistry
34:25 Yeomen
34:57 Leather Archer Armor
35:02 Warwolf
35:28 Siege Engineers
35:48 Conscription
36:34 Ring Archer Armor
36:38 Caravan
37:15 Hoardings
39:48 Scale Mail Armor
39:58 Forging
40:02 Guilds
40:23 Coinage
TW_阿倫
9:17 Feudal Age
16:15 Double-Bit Axe
16:13 Horse Collar
20:37 Castle Age
19:33 Wheelbarrow
18:47 Town Watch
18:48 Loom
20:04 Gold Mining
20:41 Bloodlines
21:38 Heavy Plow
21:53 Bow Saw
24:03 Scale Barding Armor
25:15 Forging
26:09 Hand Cart
34:10 Imperial Age
32:29 Light Cavalry
35:59 Gold Shaft Mining
35:15 Stone Mining
35:00 Cavalier
36:35 Chain Barding Armor
36:51 Iron Casting
37:11 Paladin
38:41 Plate Barding Armor
TWNBS_Jian Hei
11:24 Feudal Age
12:31 Double-Bit Axe
15:20 Castle Age
13:02 Horse Collar
16:39 Bow Saw
16:30 Heavy Plow
21:22 Wheelbarrow
21:43 Gold Mining
23:30 Gold Shaft Mining
22:46 Stone Mining
22:47 Loom
27:10 Imperial Age
26:07 Stone Shaft Mining
25:34 Scale Mail Armor
26:59 Chain Mail Armor
27:13 Hand Cart
28:22 Conscription
27:30 Capped Ram
28:21 Siege Ram
30:06 Plate Mail Armor
30:51 Elite Woad Raider
32:26 Siege Engineers
33:07 Ballistics
33:18 Guilds
33:48 Forging
34:00 Fletching
33:55 Treadmill Crane
35:13 Iron Casting
34:59 Stronghold
35:22 Furor Celtica
35:18 Town Watch
37:00 Blast Furnace
35:52 Stronghold
36:06 Fletching
37:57 Chemistry
38:31 Coinage
37:45 Sappers
40:42 Hoardings
40:21 Masonry
40:44 Banking
TW_andy.fet
11:06 Feudal Age
12:28 Loom
14:50 Castle Age
13:58 Double-Bit Axe
14:27 Horse Collar
16:28 Bow Saw
19:11 Loom
25:05 Padded Archer Armor
25:18 Bloodlines
25:08 Husbandry
27:23 Husbandry
29:28 Wheelbarrow
29:35 Leather Archer Armor
33:23 Scale Barding Armor
33:28 Forging
35:25 Wheelbarrow
34:54 Heavy Plow
38:55 Chain Barding Armor
39:11 Iron Casting
38:37 Gold Mining
38:38 Stone Mining
Connection lost

Rejoining the realm…

Still unreachable

The connection could not be restored.

Session expired

The server has moved on; the page needs a fresh start.